 Dungeon Crawl Stone Soup version 0.16.1-11-g651b585 (webtiles) character file.

249 jacksonaction the Changer (level 6, -3/44 HPs)
             Began as a Merfolk Transmuter on Mar 31, 2015.
             Slain by an adder (5 damage)
             ... on level 4 of the Dungeon.
             The game lasted 00:26:38 (4076 turns).

jacksonaction the Changer (Merfolk Transmuter)      Turns: 4076, Time: 00:26:38

Health: -3/44      AC:  2    Str: 12    XL:     6   Next: 12%
Magic:  4/10       EV: 21    Int: 13    God:
Gold:   200        SH:  0    Dex: 19    Spells: 2 memorised, 5 levels left

rFire  . . .     SeeInvis .       - Unarmed
rCold  . . .     Clarity  .     c - melded +0 robe
rNeg   . . .     SustAb   .     (shield currently unavailable)
rPois  x         Gourm    .     (helmet currently unavailable)
rElec  .         Spirit   .     (cloak currently unavailable)
rCorr  .         Warding  .     k - melded +1 pair of gloves
rMut   .         Stasis   .     (boots currently unavailable)
MR     .....                    (no amulet)
Stlth  ++........               (no ring)
                                (no ring)

@: spider-form, not resistant to hostile enchantments, unstealthy
A: (change form in water), (swift swim)
a: End Transformation


You were on level 4 of the Dungeon.
You were not hungry.
You were a venomous arachnid creature.
You visited 1 branch of the dungeon, and saw 4 of its levels.

You collected 200 gold pieces.

Inventory:

Hand weapons
 b - a +0 blowgun
Missiles
 e - 90 stones (quivered)
 h - 2 needles of sleeping
 p - 4 poisoned needles
Armour
 c - a +0 robe (melded)
 k - a +1 pair of gloves (melded)
 o - a +1 hat
 w - a +1 robe of cold resistance
Jewellery
 g - an uncursed ring of see invisible {unknown}
 u - an uncursed ring of poison resistance {unknown}
Scrolls
 i - 2 scrolls of identify {unknown}
 j - a scroll of teleportation {unknown}
 l - a scroll of amnesia {unknown}
 q - a scroll of enchant armour {unknown}
 v - 2 scrolls of remove curse {unknown}
Potions
 m - a potion of magic {unknown}
 n - 3 potions of curing {unknown}
 s - a potion of ambrosia {unknown}
 t - 2 potions of heal wounds {unknown}
Books
 d - a book of Changes

   Spells                             Type                      Level
   a - Beastly Appendage              Transmutation                1
   b - Sticks to Snakes               Transmutation                2
   c - Spider Form                    Transmutation/Poison         3
   d - Ice Form                       Ice/Transmutation            4
   e - Blade Hands                    Transmutation                5
Comestibles
 a - 2 bread rations
 f - 11 fruits
 r - a meat ration


   Skills:
 + Level 2.0 Fighting
 - Level 2.6 Dodging
 + Level 4.9 Unarmed Combat
 - Level 2.0 Spellcasting
 - Level 5.1 Transmutations
 - Level 3.1 Poison Magic


You had 5 spell levels left.
You knew the following spells:

 Your Spells              Type           Power        Failure   Level  Hunger
a - Beastly Appendage     Trmt           ##....       12%         1    ##.....
b - Spider Form           Trmt/Pois      ##........   32%         3    ####...


Dungeon Overview and Level Annotations

Branches:
Dungeon (4/15)
 Temple: D:4-7

Altars:
Gozag
Okawaru
Xom

Annotations:
D:4 lnxr0x's ghost, average MiBe


Message History

Your transformation has ended.
Your +1 pair of gloves unmelds from your body.
Your +0 robe unmelds from your body.
The quokka bites you.
* * * LOW HITPOINT WARNING * * *
An adder comes into view.
Found a hunting sling.
The quokka bites you.
* * * LOW HITPOINT WARNING * * *
Casting: Spider Form
Confirm with . or Enter, or press ? or * to list all spells.
You turn into a venomous arachnid creature.
Your +1 pair of gloves melds into your body.
Your +0 robe melds into your body.
The quokka closely misses you.
You hit the quokka but do no damage.
The quokka is poisoned.
The quokka completely misses you.
You bite the quokka!
You kill the quokka!
The adder completely misses you.
You hit the adder but do no damage. The adder bites you.
You die...

.# ### ##≈_#≈.≈≈# .#
##_#.♣≈## .######## ###.###
........# #.# #######.#
########### #.# #.#
#.o..S...... #.# #.#.#######
#.# #S#.# #.# #s#.# ###.###
#.#.# #.....# #.#.# #.....#
#.#.# #.....# #o#o# #.....#
#.#{# #<....#
#.#.#############
####)########......[........#
#.).....<.....#.?#######.##.#


You could see an orc wizard, an adder and an orc.

Vanquished Creatures
  An orc priest (D:4)
  3 orc wizards (D:4)
  A worker ant (D:4)
  2 gnolls (D:2)
  2 adders (D:3)
  A giant mite (D:3)
  An ooze (D:2)
  4 orcs
  6 bats
  6 giant cockroaches
  10 goblins
  8 hobgoblins
  2 jackals (D:3)
  13 kobolds
  3 giant geckos
  3 giant newts
  2 quokkas
  8 rats
76 creatures vanquished.

Vanquished Creatures (others)
  An orc wizard (D:4)
1 creature vanquished.

Grand Total: 77 creatures vanquished

Notes
Turn   | Place    | Note
--------------------------------------------------------------
     0 | D:1      | jacksonaction, the Merfolk Transmuter, began the quest for the Orb.
     0 | D:1      | Reached XP level 1. HP: 15/15 MP: 3/3
   588 | D:1      | Reached XP level 2. HP: 4/21 MP: 2/4
   887 | D:1      | Reached skill level 4 in Unarmed Combat
  1470 | D:1      | Reached XP level 3. HP: 24/26 MP: 6/6
  1478 | D:1      | Learned a level 3 spell: Spider Form
  2134 | D:2      | Found an opulent altar of Gozag.
  2393 | D:2      | Found an iron altar of Okawaru.
  2431 | D:2      | Reached skill level 1 in Poison Magic
  2442 | D:2      | Reached XP level 4. HP: 16/32 MP: 4/7
  3809 | D:4      | Reached XP level 5. HP: 37/37 MP: 1/9
  3883 | D:4      | Found a shimmering altar of Xom.
  3884 | D:4      | Found a shimmering altar of Xom.
  3884 | D:4      | Found a shimmering altar of Xom.
  3884 | D:4      | Found a shimmering altar of Xom.
  3911 | D:4      | Noticed lnxr0x's ghost (average MiBe)
  4012 | D:4      | Reached skill level 5 in Transmutations
  4039 | D:4      | Reached XP level 6. HP: 11/44 MP: 3/10
  4069 | D:4      | HP: 1/44 [quokka (4)]
  4076 | D:4      | Slain by an adder

Action                   |  1- 3 |  4- 6 || total
-------------------------+-------+-------++-------
Melee: Unarmed           |   102 |    97 ||   199
 Fire: Blowgun           |       |     4 ||     4
Throw: Stone             |   103 |    20 ||   123
       Tomahawk          |     8 |       ||     8
 Cast: Beastly Appendage |    22 |     7 ||    29
       Spider Form       |     1 |    14 ||    15
  Eat: Chunk             |     5 |     8 ||    13
